 Dungeon Crawl Stone Soup version 0.30-a0-222-ge547ba4400 (webtiles) character file.

Game seed: 11225727778356161312

595 Morbidden the Ruffian (level 7, -6/94 HPs)
             Began as a Troll Transmuter on Oct 8, 2022.
             Was an Initiate of Hepliaklqana.
             Mangled by a gnoll bouda
             ... wielding a +2 whip of electrocution
              (16 damage)
             ... on level 6 of the Dungeon.
             The game lasted 00:05:55 (3323 turns).

Morbidden the Ruffian (Troll Transmuter)            Turns: 3323, Time: 00:05:56

Health: -6/94      AC: 23    Str: 19    XL:     7   Next: 16%
Magic:  8/8        EV:  1    Int: 11    God:    Hepliaklqana [......]
Gold:   259        SH:  0    Dex: 10    Spells: 4/9 levels left

rFire   . . .      SeeInvis .      - Unarmed
rCold   . . .      Faith    .    (no shield)
rNeg    . . .      Spirit   .    (body armour currently unavailable)
rPois   +          Reflect  .    (helmet currently unavailable)
rElec   .          Harm     .    (cloak currently unavailable)
rCorr   .          Rampage  .    (gloves unavailable)
Will    .....      NoTele   +    (boots unavailable)
Stlth   +.........               (no amulet)
HPRegen 1.15/turn                c - +4 ring of evasion
MPRegen 0.11/turn                (no ring)

@: tree-form
A: stationary, stasis, torment immunity, boosted hp, large, unfitting armour,
(claws 3), regeneration 1, (shaggy fur 1), (tough skin 1)
a: Renounce Religion


You were on level 6 of the Dungeon.
You worshipped Hepliaklqana.
Hepliaklqana was noncommittal.
You were a tree.
You visited 2 branches of the dungeon, and saw 7 of its levels.
You also visited: Sewer.

You collected 259 gold pieces.

Inventory:

Missiles
 e - 6 boomerangs (quivered)
 o - a throwing net
 y - 5 curare-tipped darts
Armour
 a - a +0 robe (melded)
Jewellery
 c - a +4 ring of evasion (left branch)
 n - a ring of fire
Wands
 k - a wand of mindburst (8)
Scrolls
 d - a scroll of enchant armour {unknown}
 f - 3 scrolls of magic mapping {unknown}
 g - 5 scrolls of identify {unknown}
 i - 3 scrolls of teleportation {unknown}
 j - 2 scrolls of amnesia {unknown}
 p - a scroll of fear {unknown}
 q - 4 scrolls of noise {unknown}
 r - a scroll of summoning {unknown}
 s - 2 scrolls of enchant weapon {unknown}
 t - a scroll of poison {unknown}
 x - 2 scrolls of brand weapon {unknown}
 A - a scroll of vulnerability {unknown}
Potions
 b - a potion of lignification
 h - 2 potions of mutation {unknown}
 l - a potion of heal wounds {unknown}
 m - a potion of curing {unknown}
 u - a potion of magic {unknown}
 v - a potion of resistance {unknown}
 w - 2 potions of might {unknown}
 z - a potion of flight {unknown}


   Skills:
 * Level 1.8 Fighting
 + Level 0.1 Throwing
 * Level 2.6 Dodging
 + Level 0.3 Stealth
 * Level 6.4 Unarmed Combat
 * Level 1.8 Spellcasting
 * Level 2.2 Transmutations
 * Level 0.9 Ice Magic


You had 4 spell levels left.
You knew the following spells:

 Your Spells              Type           Power      Damage    Failure   Level
a - Beastly Appendage     Tmut           12%        N/A       12%         1
b - Ice Form              Ice/Tmut       4%         N/A       83%         4

Your spell library contained the following spells:

 Spells                   Type           Power      Damage    Failure   Level
 Wereblood                Tmut           6%         N/A       19%         2
 Necrotise                Necr           0%         1d4       30%         1
 Spider Form              Tmut/Pois      3%         N/A       50%         3
 Vampiric Draining        Necr           0%         2d6       65%         3
 Agony                    Necr           0%         N/A       100%        5


Dungeon Overview and Level Annotations

Branches:
Dungeon (6/15)             Temple (1/1) D:5           Sewer (visited)

Altars:
Ashenzari
Cheibriados
Dithmenos
Elyvilon
Fedhas
Gozag
Hepliaklqana
Kikubaaqudgha
Makhleb
Nemelex Xobeh
Qazlal
Ru
Trog
Zin
The Shining One

Annotations:
Temple 2 transporters


Innate Abilities, Weirdness & Mutations

You are a tree.
Your roots penetrate the ground, keeping you stationary.
You cannot be teleported.
You are immune to unholy pain and torment.
Your maximum health is greatly increased.
Your equipment is partially melded.
You are too large for most types of armour.
((You have claws for hands.))
Your natural rate of healing is unusually fast.
((You are covered in fur. (AC +1)))
((You have tough skin. (AC +1)))


Message History

You scratch the gnoll.
You kill the gnoll!
The gnoll bouda hits you with a +2 whip of electrocution!
The gnoll closely misses you.
You are too injured to fight recklessly!
You are too injured to fight recklessly!
You are too injured to fight recklessly!
Unknown command.
The gnoll bouda attacks as you move away!
The gnoll bouda hits you with a +2 whip of electrocution.
Unknown command.
The gnoll bouda attacks as you move away!
The gnoll bouda hits you with a +2 whip of electrocution.
* * * LOW HITPOINT WARNING * * *
There is a stone staircase leading down here.
The gnoll hits you from afar with a +1 vampiric spear.
* * * LOW HITPOINT WARNING * * *
You climb downwards.
Found a scroll labelled GOYBOITOSO.
There is a stone staircase leading up here.
Unknown command.
You closely miss the gnoll bouda.
The gnoll bouda is severely wounded.
The gnoll bouda hits you with a +2 whip of electrocution!
* * * LOW HITPOINT WARNING * * *
Unknown command.
You closely miss the gnoll bouda.
The gnoll bouda is severely wounded.
The gnoll bouda barely misses you.
Unknown command.
Really quaff the potion of lignification?
You turn into a tree.
Your +0 robe melds into your body.
Your roots penetrate the ground.
The gnoll bouda hits you but does no damage.
Unknown command.
You hit the gnoll bouda.
The gnoll bouda is almost dead.
The gnoll bouda hits you but does no damage.
You are electrocuted!
You die...

.... .# ... ...
#.##... ...
....... ..
....... #.
....... .
##.#....#..
....#......?...
.......♣.....#
.####.g.#....#
....... .....
######... ....
..... ...
#..... ..
#...... .
#.......


You could see a gnoll bouda.

Vanquished Creatures
  An ogre (D:4)
  A phantom (D:5)
  A scorpion (D:5)
  A hound (D:4)
  Ijyb (D:5)
  An iguana (D:5)
  2 orc wizards
  A hell rat (Sewer)
  2 gnolls (D:5)
  6 adders
  An ufetubus (D:4)
  4 worms
  6 dart slugs
  15 orcs
  8 endoplasms
  2 giant cockroaches
  10 goblins
  5 hobgoblins
  8 jackals
  9 kobolds
  6 quokkas
  10 ball pythons
  5 bats
  3 frilled lizards (D:1)
  15 rats
124 creatures vanquished.

Notes
Turn   | Place    | Note
-------+----------+-------------------------------------------
     0 | D:1      | Morbidden the Troll Transmuter began the quest for the Orb.
     0 | D:1      | Reached XP level 1. HP: 18/18 MP: 1/1
    50 | D:1      | Reached XP level 2. HP: 26/26 MP: 2/2
   160 | D:1      | Reached skill level 1 in Fighting
   409 | D:1      | Reached XP level 3. HP: 33/33 MP: 4/4
   925 | D:2      | Reached XP level 4. HP: 36/41 MP: 5/5
  1065 | D:2      | Reached skill level 4 in Unarmed Combat
  1704 | D:3      | Learned a level 4 spell: Ice Form
  1960 | D:3      | Found a bloodstained altar of Trog.
  1980 | D:3      | Reached XP level 5. HP: 48/48 MP: 6/6
  2189 | D:4      | Noticed an ogre
  2195 | D:4      | Killed an ogre
  2201 | D:4      | Reached skill level 5 in Unarmed Combat
  2260 | D:4      | Reached XP level 6. HP: 55/55 MP: 7/7
  2336 | D:4      | Found a glowing drain.
  2350 | Sewer    | Entered a sewer
  3015 | D:5      | Entered Level 5 of the Dungeon
  3060 | D:5      | Found a staircase to the Ecumenical Temple.
  3066 | Temple   | Entered the Ecumenical Temple
  3066 | Temple   | Found a transporter.
  3066 | Temple   | Found a transporter.
  3068 | Temple   | Found a transporter.
  3068 | Temple   | Found a transporter.
  3085 | Temple   | Became a worshipper of Hepliaklqana the Forgotten
  3119 | D:5      | Noticed Ijyb
  3125 | D:5      | Reached skill level 6 in Unarmed Combat
  3137 | D:5      | Killed Ijyb
  3138 | D:5      | Reached XP level 7. HP: 48/63 MP: 8/8
  3221 | D:5      | Found a stormy altar of Qazlal.
  3323 | D:6      | Mangled by a gnoll bouda

Illustrated notes

Levels and vault maps discovered:
D:1:      minmay_arrival_three_doors, layout_basic, minmay_octomino_e4
D:2:      layout_basic
D:3:      layout_rooms, mainiacjoe_overflow_concentric_impassable,
          kennysheep_generic_room_12
D:4:      corexii_shack_village, layout_rooms, gup_sewer_entry_spiral,
          kennysheep_minor_cross, nicolae_titane
D:5:      layout_loops_ring, nicolae_qazlal_general_emergency, led_sif_pool,
          minmay_temple_entry_arrows, uniq_ijyb
D:6:      layout_basic, gammafunk_temple_overflow_statue, marbit_many_paths
Temple:   hellmonk_temple_divided_pantheon

Skill      XL: |  1  2  3  4  5  6 |
---------------+-------------------+-----
Fighting       | 1 |  1.8
Dodging        | 2 |  2.6
Unarmed Combat | 4 5 6 |  6.4
Transmutations | 2 |  2.2
Throwing       | |  0.1
Stealth        | |  0.3
Spellcasting   | |  1.8
Ice Magic      | |  0.9

Action                   |  1- 3 |  4- 6 |  7- 9 || total
-------------------------+-------+-------+-------++-------
Melee: Unarmed           |    91 |   193 |    25 ||   309
       Kick              |     2 |     1 |       ||     3
       Headbutt          |       |     2 |       ||     2
       Punch             |       |     1 |       ||     1
Throw: Boomerang         |       |     5 |       ||     5
 Cast: Beastly Appendage |     3 |     1 |       ||     4
  Use: Potion            |       |     1 |     1 ||     2
       Scroll            |       |     1 |       ||     1
 Stab: Sleeping          |     1 |     4 |       ||     5
Armor: Robe              |    39 |    38 |     2 ||    79
       Skin              |       |     7 |     2 ||     9
Dodge: Dodged            |    59 |    79 |    14 ||   152

Table legend: (Time is in decaauts)
 A = Elapsed time spent in this place.
 B = Non-inter-level travel time spent in this place.
 C = Inter-level travel time spent in this place.
 D = Time resting spent in this place.
 E = Time spent auto-exploring this place.
 F = Levels seen in this place.
 G = Mean time per level.
                   A        B        C        D        E       F      G
               +--------+--------+--------+--------+--------+-----+--------+
         Total |   3346 |   3060 |    286 |     38 |   2264 |   8 |  418.2 |
       Dungeon |   3218 |   2943 |    275 |     38 |   2229 |   6 |  536.3 |
        Temple |     39 |     28 |     11 |      0 |      5 |   1 |   39.0 |
         Sewer |     88 |     88 |      0 |      0 |     29 |   1 |   88.0 |
               +--------+--------+--------+--------+--------+-----+--------+

Top non-repeatable levels by time:
     D:2: 1068 daAuts
     D:4: 777 daAuts
     D:3: 556 daAuts
     D:1: 553 daAuts
     D:5: 259 daAuts
   Sewer: 88 daAuts
  Temple: 39 daAuts
     D:6: 3 daAuts
